 Dungeon Crawl Stone Soup version 0.31.0-9-g3a7656b989 (webtiles) character file.

Game seed: 12067464658099635510

570 Killerpretzel the Digger (level 7, -1/36 HPs)
             Began as a Gargoyle Earth Elementalist on Jan 26, 2024.
             Was an Initiate of Vehumet.
             Slain by Prince Ribbit (16 damage)
             ... on level 6 of the Dungeon.
             The game lasted 00:23:18 (5990 turns).

Killerpretzel the Digger (GrEE)                     Turns: 5990, Time: 00:23:18

Health: -1/36      AC:  6    Str: 11    XL:     7   Next: 34%
Magic:  3/13       EV: 12    Int: 18    God:    Vehumet [......]
Gold:   364        SH:  0    Dex: 10    Spells: 13/14 levels left

rFire   + . .        B - +1 short sword
rCold   . . .        (no shield)
rNeg    + . .        a - +0 robe
rPois   ∞            (no helmet)
rElec   +            (no cloak)
rCorr   .            (no gloves)
SInv    .            (no boots)
Will    +....        (no amulet)
Stlth   ++           f - ring of willpower
HPRegen 0.26/turn    u - ring of protection from fire
MPRegen 0.13/turn

%: no passive effects
@: no status effects
A: sickness immunity, AC +4, negative energy resistance 1, electricity
resistance, torment resistance 1, petrification resistance
a: Renounce Religion


You were on level 6 of the Dungeon.
You worshipped Vehumet.
Vehumet was noncommittal.
You visited 1 branch of the dungeon, and saw 6 of its levels.

You collected 364 gold pieces.

Inventory:

Hand Weapons
 B - a +1 short sword (weapon)
Armour
 a - a +0 robe (worn)
 y - the +4 pair of gloves of the Tired Knives {rC+ Int+2}
   (You found it on level 4 of the Dungeon)

   Int+2:     It affects your intelligence (+2).
   rC+:       It protects you from cold.
Magical Staves
 s - a staff of fire
Jewellery
 f - a ring of willpower (left hand)
 h - a ring of willpower
 u - a ring of protection from fire (right hand)
Wands
 x - a wand of polymorph (9)
Scrolls
 d - a scroll of fog
 e - a scroll of poison
 j - 3 scrolls of enchant armour
 n - a scroll of teleportation
 o - 2 scrolls of immolation
Potions
 b - a potion of magic
 l - 3 potions of heal wounds
 m - a potion of lignification
 q - a potion of might {unknown}
 r - a potion of curing
 z - a potion of invisibility {unknown}


   Skills:
 - Level 1.7 Dodging
 - Level 2.4 Stealth
 * Level 4.4 Spellcasting
 * Level 4.7 Conjurations
 * Level 6.3 Earth Magic


You had 13 spell levels left.
You knew the following spells:

 Your Spells              Type           Power      Damage    Failure   Level
a - Sandblast             Erth           52%        2d12      1%          1

Your spell library contained the following spells:

 Spells                   Type           Power      Damage    Failure   Level
 Passwall                 Erth           26%        N/A       3%          3
 Stone Arrow              Conj/Erth      46%        3d9       4%          3
 Brom's Barrelling Bould  Conj/Erth      23%        2d4       14%         4
 Petrify                  Alch/Erth      15%        N/A       36%         4


Dungeon Overview and Level Annotations

Branches:
Dungeon (6/15)             Temple (0/1) D:4

Altars:
Ashenzari
Nemelex Xobeh
Vehumet

Annotations:
D:4 1 runed translucent door, Crazy Yiuf
D:5 exclusions: 2 downstairs, ogre and 1 more exclusion
D:6 Dowan, Duvessa, Pikel, Prince Ribbit


Innate Abilities, Weirdness & Mutations

You are immune to sickness and miasma.
Your stone body is resilient. (AC +4)
You are immune to poison.
You resist negative energy. (rN+)
You are resistant to electric shocks. (rElec)
You are resistant to unholy torment.
You are immune to petrification.


Message History

Aim: an orc priest, wielding a +0 flail (severely wounded, 83% to hit)
The blast of sand hits the orc priest!
You kill the orc priest!
Vehumet accepts your kill.
The orc priest shouts!
An orc priest is nearby!
Casting: Sandblast (safe; 1% risk of failure)
Confirm with . or Enter, or press ? or * to list all spells.
Aiming: Sandblast (safe; 1% risk of failure)
Press: ? - help, Shift-Dir - straight line, f - orc priest
Aim: an orc priest, wielding a +0 short sword (83% to hit)
The blast of sand hits the orc priest!
The orc priest is severely wounded.
The orc priest invokes the aid of Beogh against you.
Beogh smites you!
An orc priest is nearby!
Casting: Sandblast (safe; 1% risk of failure)
Confirm with . or Enter, or press ? or * to list all spells.
Aiming: Sandblast (safe; 1% risk of failure)
Press: ? - help, Shift-Dir - straight line, f/p - orc priest
Aim: an orc priest, wielding a +0 short sword (severely wounded, 83% to hit)
The blast of sand hits the orc priest!
You kill the orc priest!
Vehumet accepts your kill.
Prince Ribbit is nearby!
Prince Ribbit attacks as he pursues you!
Prince Ribbit hits you but does no damage.
Prince Ribbit asks, "Just a little smooch?"
Prince Ribbit barely misses you.
Things that are here:
a +0 dagger; a +0 robe; an orc corpse You see here a +0 short sword.
Prince Ribbit barely misses you.
Prince Ribbit attacks as he pursues you!
Prince Ribbit hits you but does no damage.
Prince Ribbit blinks!
The ufetubus shouts!
Prince Ribbit attacks as he pursues you!
Prince Ribbit hits you!
You die...

..........#...# ## #.
........#.).).##.#### ...
........###)..#.....# ....
.§5...5.###.........# #....
........##..........## .....
.....................# .....
#..........#...#.....# ......
.........F.....#.....# ......
#........@...........#
.....###.#...............####
......#..##..........#..##
..#.......#......$...#..#
..##.............##.##..#
...........[........#..##
.................<.......
###.......###............
###.....# #...........#


You could see Prince Ribbit and 2 ufetubi.

Vanquished Creatures
  A sky beast (D:6)
  An ogre (D:4)
  A scorpion (D:5)
  3 orc priests
  A bombardier beetle (D:4)
  An orc wizard (D:6)
  4 gnolls (D:2)
  5 adders
  4 ufetubi
  3 ribbon worms
  A dart slug (D:1)
  4 orcs
  11 endoplasms
  2 giant cockroaches
  9 hobgoblins
  4 jackals (D:4)
  2 quokkas (D:2)
  5 ball pythons
  A frilled lizard (D:3)
  7 goblins
  6 kobolds
  4 rats
80 creatures vanquished.

Notes
Turn   | Place    | Note
-------+----------+-------------------------------------------
     0 | D:1      | Killerpretzel the Gargoyle Earth Elementalist began the
                  | quest for the Orb.
     0 | D:1      | Reached XP level 1. HP: 10/10 MP: 3/3
   413 | D:1      | Reached XP level 2. HP: 15/15 MP: 1/5
  1381 | D:2      | Reached skill level 4 in Earth Magic
  1381 | D:2      | Reached XP level 3. HP: 19/19 MP: 3/6
  1731 | D:2      | Found a faded altar of an unknown god.
  1864 | D:2      | Reached XP level 4. HP: 24/24 MP: 5/8
  2610 | D:3      | Reached XP level 5. HP: 28/28 MP: 5/9
  3613 | D:4      | Found a runed translucent door.
  3614 | D:4      | Noticed Crazy Yiuf
  3661 | D:4      | Noticed an ogre
  3682 | D:5      | Entered Level 5 of the Dungeon
  3716 | D:5      | Reached skill level 5 in Earth Magic
  3936 | D:5      | Noticed an ogre
  4028 | D:5      | Reached XP level 6. HP: 29/32 MP: 7/11
  4112 | D:5      | Found a sparkling altar of Nemelex Xobeh.
  4208 | D:5      | Found a radiant altar of Vehumet.
  4252 | D:5      | Became a worshipper of Vehumet
  4692 | D:4      | Found a staircase to the Ecumenical Temple.
  4867 | D:4      | Identified the +4 pair of gloves of the Tired Knives {rC+
                  | Int+2}
  5125 | D:4      | Found a broken altar of Ashenzari.
  5129 | D:4      | Saw a vision of the Swamp and the Spider Nest.
  5129 | D:4      | Noticed a pharaoh ant
  5129 | D:4      | Noticed a demonic crawler
  5129 | D:4      | Noticed a culicivora
  5129 | D:4      | Noticed a redback
  5129 | D:4      | Noticed a wolf spider
  5129 | D:4      | Noticed a jumping spider
  5129 | D:4      | Noticed a pharaoh ant
  5129 | D:4      | Noticed a wolf spider
  5129 | D:4      | Noticed a vampire mosquito
  5129 | D:4      | Noticed a six-headed hydra
  5129 | D:4      | Noticed a swamp drake
  5129 | D:4      | Noticed a bunyip
  5129 | D:4      | Noticed an alligator
  5129 | D:4      | Noticed a bog body
  5129 | D:4      | Noticed a goliath frog
  5129 | D:4      | Noticed a redback
  5129 | D:4      | Noticed a redback
  5130 | D:4      | Noticed a culicivora
  5130 | D:4      | Noticed a demonic crawler
  5130 | D:4      | Noticed a bunyip
  5131 | D:4      | Noticed a bog body
  5131 | D:4      | Noticed an alligator
  5131 | D:4      | Noticed a demonic crawler
  5342 | D:6      | Noticed a sky beast
  5803 | D:6      | Noticed Dowan
  5805 | D:6      | Noticed Duvessa
  5928 | D:6      | Noticed Pikel
  5954 | D:6      | Killed a sky beast
  5955 | D:6      | Reached skill level 6 in Earth Magic
  5955 | D:6      | Reached XP level 7. HP: 19/36 MP: 8/13
  5963 | D:6      | Noticed Prince Ribbit
  5990 | D:6      | Slain by Prince Ribbit

Illustrated notes

Levels and vault maps discovered:
D:1:      lemuel_arrival_river_bridge, layout_loops_corners,
          chequers_decorated_corner
D:2:      layout_loops_ring, hellmonk_ecumenical_altar_blasted
D:3:      layout_basic, kennysheep_generic_room_8
D:4:      layout_loops_cross, grunt_ashenzari_visionary
          [grunt_ashenzari_visionary_swamp, grunt_ashenzari_visionary_spider],
          minmay_temple_entry_drinking_statues, minivault_11,
          uniq_crazy_yiuf_cottage
D:5:      layout_loops_cross, mainiacjoe_overflow_catwalk, amcnicky_altar_gilded
D:6:      minmay_polygon_palace, layout_cave_pools, nicolae_uskayaw_dance_hall,
          uniq_prince_ribbit1, uniq_duvessa, uniq_pikel

Skill      XL: |  1  2  3  4  5  6 |
---------------+-------------------+-----
Earth Magic    | 4 5 6 |  6.3
Conjurations   | 2 3 4 |  4.7
Spellcasting   | 3 4 |  4.4
Dodging        | |  1.7
Stealth        | |  2.4

Action                     |  1- 3 |  4- 6 |  7- 9 || total
---------------------------+-------+-------+-------++-------
  Melee: Mace              |     2 |     3 |       ||     5
   Cast: Sandblast         |    48 |    79 |    11 ||   138
    Use: Scroll            |       |    14 |       ||    14
         Potion            |       |     2 |       ||     2
 Armour: Robe              |     7 |    40 |     6 ||    53
  Dodge: Dodged            |    12 |    41 |    12 ||    65
